SL
ROCKY MOUNTAIN NUGGETS @ RICHARDSON CITY THUNDERCATS
09/21/2031
 
TOP OF THE 1ST
Rocky Mountain Nuggets batting - Pitching for Richardson City Thundercats : LHP Jesús Gonzáles
Pitching: LHP Jesús Gonzáles
Batting: RHB Luis Ríos 0-0: Ball
1-0: Called Strike
1-1: SINGLE (Groundball, 4D)
Batting: RHB Wrangler Haresnape 0-0: Ball
1-0: Ball
2-0: Called Strike
Luis Ríos steals 2nd base
2-1: SINGLE (Groundball, 5S) (infield hit)
Luis Ríos to third
Batting: RHB Paco Muńóz 0-0: Ball
1-0: Ball
Wrangler Haresnape is caught stealing 2nd base
2-0: Called Strike
2-1: Called Strike
2-2: Foul Ball, location: 2F
2-2: Ball
3-2: Foul Ball, location: 2F
3-2: SINGLE (Groundball, 56D)
Luis Ríos scores
Batting: RHB John Burton 0-0: Foul Ball, location: 2F
0-1: Fly out, F9 (Flyball, 89D)
Batting: RHB Matt Sheppard 0-0: Called Strike
0-1: Ball
1-1: SINGLE (Groundball, 4MD)
Paco Muńóz to second
Batting: RHB David McJannett 0-0: Fielders Choice at 2nd, 6-4 (Groundball, 6D)
Top of the 1st over - 1 run, 4 hits, 0 errors, 2 left on base; Rocky Mountain 1 - Richardson City 0
BOTTOM OF THE 1ST
Richardson City Thundercats batting - Pitching for Rocky Mountain Nuggets : RHP Omar Casteneda
Pitching: RHP Omar Casteneda
Batting: SHB Mitch Qualtrough 0-0: SINGLE (Line Drive, 8RS)
Batting: LHB Eduardo Álvarez 0-0: Called Strike
Throwing error on steal attempt, E2
Mitch Qualtrough to third
0-1: Ball
1-1: Ground out 4-3 (Groundball, 4)
Mitch Qualtrough scores
Batting: RHB IV Seacat 0-0: Called Strike
0-1: DOUBLE (Line Drive, 7LM)
Batting: RHB Tomás Martínez 0-0: Ball
1-0: Ball
2-0: Called Strike
2-1: Foul Ball, location: 2F
2-2: Ball
3-2: SINGLE (Line Drive, 6M)
IV Seacat to third
Runner from 3rd tries for Home, SAFE, no throw
Batting: RHB Anselmo Berneu 0-0: Called Strike
0-1: Foul Ball, location: 2F
0-2: Ball
1-2: Strikes out swinging
Batting: LHB Juan Macíel 0-0: Called Strike
0-1: Called Strike
0-2: Foul Ball, location: 2F
0-2: Fly out, F5 (Line Drive, 6)
Bottom of the 1st over - 2 runs, 3 hits, 1 error, 1 left on base; Rocky Mountain 1 - Richardson City 2
TOP OF THE 2ND
Rocky Mountain Nuggets batting - Pitching for Richardson City Thundercats : LHP Jesús Gonzáles
Batting: RHB Tony Hernández 0-0: Ball
1-0: Called Strike
1-1: Ground out 5-3 (Groundball, 56S)
Batting: RHB Pedro Longoria 0-0: Fly out, F5 (Line Drive, 5)
Batting: LHB Sisto Pagnamenta 0-0: Ball
1-0: Called Strike
1-1: Foul Ball, location: 2F
1-2: Ball
2-2: Ball
3-2: Foul Ball, location: 2F
3-2: Strikes out swinging
Top of the 2nd over - 0 runs, 0 hits, 0 errors, 0 left on base; Rocky Mountain 1 - Richardson City 2
BOTTOM OF THE 2ND
Richardson City Thundercats batting - Pitching for Rocky Mountain Nuggets : RHP Omar Casteneda
Batting: RHB Felipe Campos 0-0: Ball
1-0: Ball
2-0: Foul Ball, location: 2F
2-1: Ball
3-1: Called Strike
3-2: Fly out, F8 (Flyball, 89D)
Batting: LHB Fernando Ramírez 0-0: Called Strike
0-1: Ball
1-1: Fly out, F7 (Flyball, 7LD)
Batting: RHB Louis Gibbons 0-0: Swinging Strike
0-1: Ball
1-1: Foul Ball, location: 2F
1-2: Fly out, F8 (Flyball, 78S)
Bottom of the 2nd over - 0 runs, 0 hits, 0 errors, 0 left on base; Rocky Mountain 1 - Richardson City 2
TOP OF THE 3RD
Rocky Mountain Nuggets batting - Pitching for Richardson City Thundercats : LHP Jesús Gonzáles
Batting: RHB Luis Ríos 0-0: Ball
1-0: Swinging Strike
1-1: Called Strike
1-2: Ball
2-2: Foul Ball, location: 2F
2-2: Strikes out swinging
Batting: RHB Wrangler Haresnape 0-0: Ball
1-0: Ball
2-0: Foul Ball, location: 2F
2-1: Foul Ball, location: 2F
2-2: Ground out 5-3 (Groundball, 56)
Batting: RHB Paco Muńóz 0-0: Ball
1-0: SINGLE (Line Drive, 9S)
Batting: RHB John Burton 0-0: Called Strike
0-1: Ball
1-1: DOUBLE (Line Drive, 7LD)
Paco Muńóz to third
Batting: RHB Matt Sheppard 0-0: SINGLE (Line Drive, 6D)
Paco Muńóz scores
John Burton to third
Batting: RHB David McJannett 0-0: Ball
1-0: Ball
2-0: Ground out 4-3 (Groundball, 4)
Top of the 3rd over - 1 run, 3 hits, 0 errors, 2 left on base; Rocky Mountain 2 - Richardson City 2
BOTTOM OF THE 3RD
Richardson City Thundercats batting - Pitching for Rocky Mountain Nuggets : RHP Omar Casteneda
Batting: SHB Mitch Qualtrough 0-0: Ball
1-0: SINGLE (Flyball, 8RS)
Batting: LHB Eduardo Álvarez 0-0: Ball
1-0: Foul Ball, location: 2F
1-1: Ball
2-1: Ball
3-1: Base on Balls
Mitch Qualtrough to second
Batting: RHB IV Seacat 0-0: Called Strike
0-1: Ball
1-1: Foul Ball, location: 2F
1-2: Fly out, F3 (Popup, 3SF)
Batting: RHB Tomás Martínez 0-0: Ball
Mitch Qualtrough steals 3rd base
Eduardo Álvarez to second
1-0: Swinging Strike
1-1: Ball
2-1: SINGLE (Groundball, 6D)
Mitch Qualtrough scores
Eduardo Álvarez to third
Runner from 3rd tries for Home, SAFE, throw made home
Tomás Martínez to second
Batting: RHB Anselmo Berneu 0-0: Called Strike
0-1: Fly out, F9 (Flyball, 9)
Batting: LHB Juan Macíel 0-0: Ball
1-0: Ball
2-0: Called Strike
2-1: Called Strike
2-2: Ball
3-2: Fly out, F9 (Flyball, 89S)
Bottom of the 3rd over - 2 runs, 2 hits, 0 errors, 1 left on base; Rocky Mountain 2 - Richardson City 4
TOP OF THE 4TH
Rocky Mountain Nuggets batting - Pitching for Richardson City Thundercats : LHP Jesús Gonzáles
Batting: RHB Tony Hernández 0-0: Ball
1-0: Fly out, F7 (Flyball, 7S)
Batting: RHB Pedro Longoria 0-0: Ball
1-0: SINGLE (Groundball, 6MD)
Batting: LHB Sisto Pagnamenta 0-0: Ball
1-0: Foul Ball, location: 2F
1-1: Ball
2-1: SINGLE (Line Drive, 4MD)
Pedro Longoria to second
Batting: RHB Luis Ríos 0-0: Foul Ball, location: 2F
0-1: Foul Ball, location: 2F
0-2: Ball
1-2: DOUBLE (Line Drive, 7LM)
Pedro Longoria scores
Sisto Pagnamenta to third
Batting: RHB Wrangler Haresnape 0-0: Ball
1-0: Called Strike
1-1: Ball
2-1: Called Strike
2-2: Ball
3-2: Ground out 6-3 (Groundball, 6)
Batting: RHB Paco Muńóz 0-0: Ball
1-0: Ball
2-0: Ball
3-0: Called Strike
3-1: Base on Balls
Batting: RHB John Burton 0-0: Ball
1-0: Ball
2-0: Ball
3-0: Called Strike
3-1: Called Strike
3-2: Foul Ball, location: 2F
3-2: SINGLE (Groundball, 4MD)
Sisto Pagnamenta scores
Luis Ríos to third
Paco Muńóz to second
Luis Ríos scores
Paco Muńóz to third
Batting: RHB Matt Sheppard 0-0: Fielders Choice at 2nd, 5-4 (Groundball, 56)
Top of the 4th over - 3 runs, 4 hits, 0 errors, 2 left on base; Rocky Mountain 5 - Richardson City 4
BOTTOM OF THE 4TH
Richardson City Thundercats batting - Pitching for Rocky Mountain Nuggets : RHP Omar Casteneda
Batting: RHB Felipe Campos 0-0: Called Strike
0-1: Ball
1-1: Ball
2-1: Swinging Strike
2-2: SINGLE (Flyball, 9S)
Batting: LHB Fernando Ramírez 0-0: Ball
1-0: Ball
2-0: Swinging Strike
2-1: Foul Ball, location: 2F
2-2: Ball
3-2: Foul Ball, location: 2F
3-2: Foul Ball, location: 2F
3-2: Foul Ball, location: 2F
3-2: Ground out 4-3 (Groundball, 4)
Felipe Campos to second
Batting: RHB Louis Gibbons 0-0: Called Strike
0-1: Ball
1-1: SINGLE (Line Drive, 4D)
Felipe Campos to third
Batting: SHB Mitch Qualtrough 0-0: Ball
1-0: Fielders Choice at 2nd, 5-4 (Groundball, 56)
Felipe Campos scores
Batting: LHB Eduardo Álvarez 0-0: Ball
1-0: Ball
2-0: SINGLE (Groundball, 3D)
Mitch Qualtrough to second
Runner from 2nd tries for 3rd, SAFE, no throw
Batting: RHB IV Seacat 0-0: Swinging Strike
0-1: Fly out, F8 (Flyball, 8RXD)
Bottom of the 4th over - 1 run, 3 hits, 0 errors, 2 left on base; Rocky Mountain 5 - Richardson City 5
TOP OF THE 5TH
Rocky Mountain Nuggets batting - Pitching for Richardson City Thundercats : LHP Jesús Gonzáles
Batting: RHB David McJannett 0-0: Foul Ball, location: 2F
0-1: Ball
1-1: Ball
2-1: Ground out 6-3 (Groundball, 6)
Batting: RHB Tony Hernández 0-0: Ground out 1-3 (Groundball, 13)
Batting: RHB Pedro Longoria 0-0: Swinging Strike
0-1: Ball
1-1: Ground out 6-3 (Groundball, 56)
Top of the 5th over - 0 runs, 0 hits, 0 errors, 0 left on base; Rocky Mountain 5 - Richardson City 5
BOTTOM OF THE 5TH
Richardson City Thundercats batting - Pitching for Rocky Mountain Nuggets : RHP Omar Casteneda
Batting: RHB Tomás Martínez 0-0: Foul Ball, location: 2F
0-1: Ball
1-1: Fly out, F8 (Flyball, 8LS)
Batting: RHB Anselmo Berneu 0-0: Called Strike
0-1: Called Strike
0-2: Ball
1-2: Ball
2-2: Foul Ball, location: 2F
2-2: Foul Ball, location: 2F
2-2: Ball
3-2: SINGLE (Groundball, 4MD)
Pitching: RHP Jim Sison
Batting: LHB Juan Macíel 0-0: Grounds into double play, 4-6-3 (Groundball, 4)
Bottom of the 5th over - 0 runs, 1 hit, 0 errors, 0 left on base; Rocky Mountain 5 - Richardson City 5
TOP OF THE 6TH
Rocky Mountain Nuggets batting - Pitching for Richardson City Thundercats : LHP Jesús Gonzáles
Batting: LHB Sisto Pagnamenta 0-0: Ball
1-0: Ground out 5-3 (Groundball, 6)
Batting: RHB Luis Ríos 0-0: Called Strike
0-1: SINGLE (Flyball, 9S)
Pitching: LHP Armando Gonzáles
Batting: RHB Wrangler Haresnape 0-0: Ball
1-0: Swinging Strike
1-1: Ball
2-1: Fielders Choice at 2nd, 4-6 (Groundball, 4)
Batting: RHB Paco Muńóz 0-0: Ball
1-0: Ball
2-0: Called Strike
2-1: Called Strike
Wrangler Haresnape steals 2nd base
2-2: Ball
3-2: Ground out 6-3 (Groundball, 56)
Top of the 6th over - 0 runs, 1 hit, 0 errors, 1 left on base; Rocky Mountain 5 - Richardson City 5
BOTTOM OF THE 6TH
Richardson City Thundercats batting - Pitching for Rocky Mountain Nuggets : RHP Jim Sison
Batting: RHB Felipe Campos 0-0: Ball
1-0: Swinging Strike
1-1: Ground out 4-3 (Groundball, 4S)
Batting: LHB Fernando Ramírez 0-0: Ball
1-0: Ball
2-0: Called Strike
2-1: Swinging Strike
2-2: Strikes out swinging
Batting: RHB Louis Gibbons 0-0: Ball
1-0: Called Strike
1-1: Foul Ball, location: 2F
1-2: Foul Ball, location: 2F
1-2: Ball
2-2: Foul Ball, location: 2F
2-2: Ball
3-2: Ground out 4-3 (Groundball, 4)
Bottom of the 6th over - 0 runs, 0 hits, 0 errors, 0 left on base; Rocky Mountain 5 - Richardson City 5
TOP OF THE 7TH
Rocky Mountain Nuggets batting - Pitching for Richardson City Thundercats : LHP Armando Gonzáles
Batting: RHB John Burton 0-0: Ball
1-0: Ball
2-0: Fly out, F8 (Flyball, 8LD)
Batting: RHB Matt Sheppard 0-0: Ball
1-0: Ball
2-0: Called Strike
2-1: Foul Ball, location: 2F
2-2: Ground out 6-3 (Groundball, 6)
Batting: RHB David McJannett 0-0: Ball
1-0: Swinging Strike
1-1: Ball
2-1: Ball
3-1: Foul Ball, location: 2F
3-2: Strikes out swinging
Top of the 7th over - 0 runs, 0 hits, 0 errors, 0 left on base; Rocky Mountain 5 - Richardson City 5
BOTTOM OF THE 7TH
Richardson City Thundercats batting - Pitching for Rocky Mountain Nuggets : RHP Jim Sison
Batting: SHB Mitch Qualtrough 0-0: Ball
1-0: Ball
2-0: Ball
3-0: Called Strike
3-1: DOUBLE (Groundball, 3L)
Batting: LHB Eduardo Álvarez 0-0: Intentional Walk
Batting: RHB IV Seacat 0-0: DOUBLE (Line Drive, 8LXD)
Mitch Qualtrough scores
Eduardo Álvarez to third
Runner from 3rd tries for Home, SAFE, no throw
Batting: RHB Tomás Martínez 0-0: Fly out, F8 (Flyball, 8LD)
Runner from 2nd tags up, SAFE at 3rd with throw
Batting: RHB Anselmo Berneu 0-0: Intentional Walk
Batting: LHB Juan Macíel 0-0: Ground out 5-3 (Groundball, 5S)
Anselmo Berneu to second
Batting: RHB Felipe Campos 0-0: SINGLE (Line Drive, 8RS)
IV Seacat scores
Anselmo Berneu to third
Pitching: LHP Magnus Scheving
Batting: LHB Fernando Ramírez 0-0: Ball
1-0: Ball
2-0: Foul Ball, location: 2F
2-1: DOUBLE (Flyball, 8RXD)
Anselmo Berneu scores
Felipe Campos to third
Runner from 3rd tries for Home, SAFE, no throw
Batting: RHB Louis Gibbons 0-0: Ball
1-0: Foul Ball, location: 2F
1-1: Foul Ball, location: 2F
1-2: Strikes out looking
Bottom of the 7th over - 5 runs, 4 hits, 0 errors, 1 left on base; Rocky Mountain 5 - Richardson City 10
TOP OF THE 8TH
Rocky Mountain Nuggets batting - Pitching for Richardson City Thundercats : LHP Armando Gonzáles
Batting: RHB Tony Hernández 0-0: SOLO HOME RUN (Flyball, 7LD), Distance : 338 ft
Batting: RHB Pedro Longoria 0-0: Swinging Strike
0-1: Ball
1-1: Foul Ball, location: 2F
1-2: Strikes out swinging
Batting: LHB Sisto Pagnamenta 0-0: Ground out U3 (Groundball, 34)
Batting: RHB Luis Ríos 0-0: Ground out 5-3 (Groundball, 56S)
Top of the 8th over - 1 run, 1 hit, 0 errors, 0 left on base; Rocky Mountain 6 - Richardson City 10
BOTTOM OF THE 8TH
Richardson City Thundercats batting - Pitching for Rocky Mountain Nuggets : LHP Magnus Scheving
Batting: SHB Mitch Qualtrough 0-0: Ball
1-0: Ball
2-0: Fly out, F5 (Line Drive, 5)
Batting: LHB Eduardo Álvarez 0-0: Swinging Strike
0-1: Ball
1-1: SINGLE (Groundball, 6MD)
Batting: RHB IV Seacat 0-0: Foul Ball, location: 2F
0-1: Called Strike
Eduardo Álvarez is caught stealing 2nd base
0-2: Foul Ball, location: 2F
0-2: Ball
1-2: Foul Ball, location: 2F
1-2: Fly out, F7 (Flyball, 7)
Bottom of the 8th over - 0 runs, 1 hit, 0 errors, 0 left on base; Rocky Mountain 6 - Richardson City 10
TOP OF THE 9TH
Rocky Mountain Nuggets batting - Pitching for Richardson City Thundercats : LHP Armando Gonzáles
Batting: RHB Wrangler Haresnape 0-0: Ball
1-0: Ball
2-0: Fly out, F8 (Line Drive, 8RD)
Batting: RHB Paco Muńóz 0-0: Ball
1-0: Ball
2-0: Foul Ball, location: 2F
2-1: Swinging Strike
2-2: Foul Ball, location: 2F
2-2: Foul Ball, location: 2F
2-2: Foul Ball, location: 2F
2-2: Ball
3-2: SINGLE (Groundball, 56D)
Batting: RHB John Burton 0-0: Ball
1-0: Ball
2-0: Called Strike
2-1: Fly out, F8 (Line Drive, 8LM)
Batting: RHB Matt Sheppard 0-0: Ball
1-0: Foul Ball, location: 2F
1-1: Foul Ball, location: 2F
1-2: Ball
2-2: Strikes out swinging
Top of the 9th over - 0 runs, 1 hit, 0 errors, 1 left on base; Rocky Mountain 6 - Richardson City 10
Tuesday, June 12th, 2018 - OOTP Baseball 18.8 Build 76